[Event "Indian Blitz Championship 2023"]
[Site "Nashik"]
[Date "2024.03.07"]
[Round "3.10"]
[White "Ratnakaran, K.."]
[Black "Nagare Kaivalya Sandip"]
[Result "0-1"]
[ECO "C77"]
[WhiteElo "2258"]
[BlackElo "2074"]
[Annotator "TA"]
[PlyCount "78"]
[EventDate "2024.03.07"]
[EventType "blitz"]
[EventCountry "IND"]
[SourceTitle "playchess.com"]
[Source "ChessBase"]
[SourceQuality "1"]
[TimeControl "180+2"]

1. e4 e5 2. Nf3 Nc6 3. Bb5 a6 4. Ba4 Nf6 5. d3 b5 6. Bb3 Be7 7. Nbd2 O-O 8. c3 d5 9. exd5 Nxd5 10. Ne4 h6 {[%emt 0:00:08] The position is equal.} 11. O-O Be6 12. Re1 f5 (12... Re8 $11) 13. Ng3 $16 Bf6 {[%emt 0:00:11] [#]} 14. Nh5 (14. Nd4 $1 $16 Nxd4 (14... exd4 15. Rxe6 Na5 16. c4 $16) 15. cxd4) 14... Bf7 $11 15. Nxf6+ Qxf6 16. a4 b4 17. Bd2 bxc3 18. bxc3 Rad8 19. a5 {[%emt 0:00:03] [#]} e4 $1 20. dxe4 fxe4 21. Nd4 {[%emt 0:00:14] [#]} (21. Rxe4 $2 Nxc3 22. Rf4 Ne2+ (22... Nxd1 23. Rxf6 Bxb3 24. Rxc6 $17) 23. Qxe2 Qxa1+ 24. Qd1 Qxd1+ 25. Bxd1 Rxd2 26. Nxd2 Rd8 $19 (26... Nxa5 27. Be2 $11)) 21... Nxc3 22. Bxc3 Nxd4 23. Bxf7+ Rxf7 24. Rxe4 Qxf2+ 25. Kh1 c5 26. Re1 (26. h3 $15) 26... Rdf8 {[%emt 0:00:09] White must now prevent ...Nc2. Black is much more active.} 27. Qd3 {[%emt 0:00:07][%mdl 8192] This move loses the game for White.} (27. Bxd4 $17 Qxd4 (27... cxd4 28. Qd3 $17) 28. h3) 27... Nc2 $19 28. h3 Nxa1 ({Don't take} 28... Nxe1 29. Rxe1 Ra7 30. Qg6 $19) 29. Rxa1 Re7 {[%emt 0:00:11] Threatens to win with ...Re3.} 30. Qxa6 Re3 31. Qc4+ Kh8 {[%emt 0:00:31][%cal Of8f3] Strongly threatening ...Rff3!} 32. Rg1 Rf4 33. Qb3 Rh4 $2 (33... Rb4 34. Bxg7+ Kxg7) 34. Qb8+ Kh7 35. Be5 $2 {[%emt 0:00:01] [#]} (35. Qb1+ $19 Kg8 36. Qb8+ Qf8 37. Qxf8+ Kxf8 38. Ra1) 35... Rhxh3+ $1 36. Bh2 Rh5 (36... Re1 $142 37. Qb1+ Rxb1 38. Rxb1 Rh5 39. Rd1 c4 40. Rb1 c3 (40... Rxa5 {leads to mate.} 41. Rc1 Rg5 42. Rg1 Rg4 43. g3 Qf3+ 44. Rg2 Qe4 45. Bg1 Rxg3 46. Kh2 Qxg2#) (40... Qf4 {gets mated.} 41. Kg1 Qxh2+ 42. Kf2 Qf4+ 43. Ke1 Qe3+ 44. Kd1 Rd5+ 45. Kc2 Qd2#) 41. a6 c2 42. Rc1 Qf4 43. Kg1 Qe3+ (43... Qxc1+ 44. Kf2 Rf5+ 45. Ke2 Qd1+ 46. Ke3 c1=Q+ 47. Ke4 Qd5#) 44. Kf1 Rf5+ 45. Bf4 Rxf4#) 37. a6 Re1 {[%emt 0:00:00][%csl Gf2][%cal Re1g1] Black mates.} 38. Qb1+ Rxb1 39. Rxb1 Qh4 {[%emt 0:00:00] Weighted Error Value: White=0.90/Black=0.48.  Loses game:     	White=1     	---        Mistake:       	White=3     	Black=1      Inaccurate:     	White=3     	Black=1      OK:         	White=11    	Black=9      Best:        	---       	Black=2      Brilliant:      	---       	Black=2} 0-1

[Event "Indian Blitz Championship 2023"]
[Site "Nashik"]
[Date "2024.03.07"]
[Round "4.1"]
[White "Ghosh, Diptayan"]
[Black "Manish Anto Cristiano F"]
[Result "0-1"]
[ECO "D46"]
[WhiteElo "2559"]
[BlackElo "2286"]
[Annotator "TA"]
[PlyCount "87"]
[EventDate "2024.03.07"]
[EventType "blitz"]
[EventCountry "IND"]
[SourceTitle "playchess.com"]
[Source "ChessBase"]
[SourceQuality "1"]
[TimeControl "180+2"]

1. Nf3 Nf6 2. c4 c6 3. Nc3 d5 4. e3 e6 5. d4 Nbd7 6. Qc2 Bd6 7. Bd3 dxc4 8. Bxc4 b5 9. Bd3 Bb7 10. O-O O-O 11. e4 e5 12. h3 Re8 13. Be3 a6 14. dxe5 Nxe5 15. Nxe5 Bxe5 16. Rad1 Qe7 17. Ne2 Bd6 {[%emt 0:00:21][%cal Oc6c5] Wards off Bc5} 18. Nd4 g6 {[%emt 0:00:09] [#] Wards off Nf5. Strongly threatening ...c5.} 19. Nb3 c5 20. Bxc5 Nxe4 21. Bxd6 Nxd6 22. Nc5 Rac8 23. b4 $1 Qg5 24. f4 Qf6 25. Kh2 a5 26. a3 axb4 27. axb4 Ba8 28. Qf2 Nc4 (28... Bc6 $11 {keeps the balance.}) 29. Rde1 (29. Bxc4 $16 bxc4 30. Nd7) 29... Qc3 {[%emt 0:00:02] The position is equal.} 30. f5 Rxe1 (30... Qxb4 31. fxg6) 31. Rxe1 Qxb4 32. fxg6 $1 hxg6 {[%emt 0:00:04] [#]} 33. Re7 $1 Bd5 (33... Qxc5 34. Qxf7+ Kh8 35. Qh7#) 34. Bxg6 Qxc5 35. Bxf7+ Kf8 36. Re8+ $1 (36. Bxd5+ Qxf2 37. Rh7 Nd6 (37... Qf4+ 38. Kh1 Nd6 39. Rh8+ Kg7 40. Rxc8 Nxc8 41. Bf3 Nd6 42. Bh5 b4 43. Bd1 Qf1+ 44. Kh2 Qxd1 45. Kg3 b3 46. h4 b2 47. Kf4 b1=Q 48. Kg3 Nf5+ 49. Kh3 Qbd3+ 50. Kh2 Qg3#) 38. Rh8+ Kg7 39. Rxc8 Nxc8 40. Bb3 Nd6 41. Be6 Nf5 42. Bxf5 Qxf5 43. Kh1 b4 44. h4 b3 45. h5 b2 (45... Qxh5+ {leads to mate.} 46. Kg1 b2 47. Kf2 b1=Q 48. g3 Qb6+ 49. Kg2 Qe2+ 50. Kh3 Qh6#) 46. Kh2 b1=Q (46... b1=B {gets mated.} 47. Kh1 Be4 48. Kh2 Qf2 49. Kh3 Kh6 50. g3 Kg5 51. g4 Qh4#) 47. h6+ Kxh6 48. Kg3 Qe1+ 49. Kh2 Qh5#) 36... Kg7 $1 37. Qg3+ Kxf7 38. Qg8+ Kf6 39. Qh8+ Kf7 40. Rxc8 Qd6+ 41. Kh1 {[%emt 0:00:01] aiming for Rd8.} Bxg2+ 42. Kxg2 {[%emt 0:00:01][%cal Oc8c7] Hoping for Rc7+!} Qd2+ 43. Kg3 {[%emt 0:00:03] White threatens Rc7+ and mate.} Qe3+ 44. Kg4 {[%emt 0:00:11][%mdl 32768] Weighted Error Value: White=0.08 (flawless) /Black=0.12 (very precise) .  Mistake:       	White=1     	Black=1      Inaccurate:     	White=2     	Black=2      OK:         	White=7     	Black=11     Best:        	White=1     	Black=1      Strong:       	White=3     	Black=1     . Sensor Board Error (Ke4/e5)?} 0-1

[Event "Indian Blitz Championship 2023"]
[Site "Nashik"]
[Date "2024.03.07"]
[Round "4.2"]
[White "Mohammad Nubairshah Shaikh"]
[Black "Mitrabha, Guha"]
[Result "1-0"]
[ECO "A04"]
[WhiteElo "2436"]
[BlackElo "2526"]
[Annotator "TA"]
[PlyCount "118"]
[EventDate "2024.03.07"]
[EventType "blitz"]
[EventCountry "IND"]
[SourceTitle "playchess.com"]
[Source "ChessBase"]
[SourceQuality "1"]
[TimeControl "180+2"]

1. Nf3 b5 2. e4 Bb7 3. Bxb5 Bxe4 4. O-O Nf6 5. Re1 e6 6. d4 c6 7. Ba4 Be7 (7... Bxf3 $11 8. Qxf3 Qa5) 8. c4 $16 {[%emt 0:00:02] White is better.} O-O 9. Nc3 Bxf3 10. Qxf3 d5 11. Bf4 {[%emt 0:00:10] White has more active pieces. The black rooks are passive.} ({Better is} 11. c5 $16) 11... dxc4 $11 12. Rad1 Nd5 13. Bc1 (13. Bxb8 $11 Rxb8 14. Bxc6) 13... Qc7 14. Bc2 Nd7 15. Re4 N7f6 16. Rh4 Rfd8 (16... g6 $15) 17. a3 (17. g4 $1 $11 {keeps the balance.} Nb4 18. Bb1) 17... g6 18. Bg5 (18. g4 $15) 18... Ne8 $17 {[%emt 0:00:10] A dynamic duo of knights.} 19. Rxh7 $2 (19. Ne4 {was necessary.}) 19... Bxg5 $19 20. Bxg6 Qf4 (20... Ng7 $19 21. Bc2 f5 22. Nxd5 cxd5) 21. Qh5 (21. Rxf7 $17 {nothing else works.} Qxf3 22. Rxf3) 21... Nef6 (21... fxg6 22. Qxg6+ Kf8 23. Rh8+ Ke7 24. Rh7+ Kf8 25. Ne4 $11) 22. Bxf7+ Kf8 23. Qg6 {[%emt 0:00:37] [#] Threatening mate with Qg7+.} Nxh7 24. Bxe6 {[%emt 0:00:02] Threatens to win with Ne4.} Qf6 (24... Nxc3 $142 25. bxc3 Qf6 26. Qxh7 Qxe6 27. Qh8+ Kf7 28. Qh7+ Kf6) 25. Qg8+ Ke7 26. Qxh7+ Kxe6 27. Re1+ {[%emt 0:00:01] [#]} Ne3 $1 28. Ne4 Qf5 {[%emt 0:00:07] Strongly threatening ...Bf4.} (28... Qxd4 $2 29. Nxg5+ Kd5 30. fxe3 $18 (30. Qf7+ Kd6 $18)) 29. Nxg5+ Kf6 $4 (29... Qxg5 $19 30. Rxe3+ Kd6) 30. Ne4+ $18 Ke6 31. Nc5+ $2 (31. Qh6+ $18 Kf7 32. Qxe3 (32. Rxe3 Rxd4 33. Ng5+ Kg8 $18)) 31... Kd5 $11 32. Qe7 (32. Qc7 $11 Rg8 (32... Kxd4 $2 33. fxe3+ Kxc5 34. Qa5+ Kd6 35. Qxf5 $18) 33. fxe3 (33. Rxe3 $2 Qb1+) 33... Rxg2+ 34. Kh1 (34. Kxg2 $2 Rg8+ $19) 34... Rg1+ 35. Rxg1 Qf3+ 36. Rg2 Qf1+ 37. Rg1 Qf3+ 38. Rg2 Qf1+ 39. Rg1 Qf3+) 32... Re8 $19 (32... Kxd4 33. Qxe3+ Kd5 34. Na6 (34. Rd1+ Qd3 35. Nxd3 cxd3 36. Rxd3+ Kc4 37. Qe4+ Kb5 38. Rb3+ Kc5 39. Rc3+ Kd6 40. Rxc6+ Kd7 41. Qe6#) 34... Kd6 35. Qe7+ Kd5 36. Qc5#) 33. Qc7 Rac8 $2 (33... Kxd4 $2 34. fxe3+ Kxc5 35. Qa5+ Kd6 36. Qxf5 $18) ({Black should play} 33... Ng4 $19 34. Rf1 Re1 (34... Kxd4 35. Qd6+ Qd5 36. Rd1#) 35. Qd7+ Qxd7 36. Nxd7 Rxf1+ 37. Kxf1 Kxd4) 34. Qb7 $2 (34. Qa5 $16 Ng4 (34... Kxd4 $2 35. fxe3+ Ke5 36. Rf1 $18) 35. Nd3+ c5 36. Nb4+ Kxd4 (36... Kd6 37. Qa6+ Kd7 38. Qb5+ Kd6 39. dxc5+ Qxc5 40. Rd1+ Ke7 41. Qd7+ Kf8 42. Qxg4 $16) 37. Rd1+ Ke4 38. f3+ Kf4 39. Nd5+ Kg5 40. fxg4 Qxg4 41. Qd2+ Kg6 42. Nf4+ Kh7 43. Qc2+ Kh8 44. Qc3+ Kh7 45. Rd6) 34... Nc2 (34... Kxd4 $2 35. fxe3+ Kxc5 36. Qb4+ Kd5 37. Rd1+ Ke6 38. Qxc4+ Ke7 39. Qh4+ Kf8 40. Rf1 $18) 35. Rf1 Nxd4 (35... Kxd4 36. Qxa7 Ke5 (36... Qxc5 $2 37. Rd1+ Ke5 38. Qxc5+ $18) 37. Rd1 $15) 36. Na6 {[%emt 0:00:01][%cal Bc5a6,Ba6b4,Bb4c2,Bc2e3][%mdl 32] Prevents Rb8} Ne2+ $2 (36... Rg8 37. g3 Kd6 38. Qb4+ c5) 37. Kh1 Kd6 $2 (37... Rh8 $19 38. Rd1+ Nd4) 38. Qxa7 $2 (38. Rd1+ $11 Ke5 39. Qg7+ Ke4 40. Nc5+ Qxc5 41. Qg4+ Nf4 42. Re1+ Kd5 43. Qf3+ Kd6 (43... Kd4 44. Qxf4+ Kd5 45. Qg5+ Kd6 46. Rd1+ $11) 44. Qxf4+ Kd7 45. Rd1+ Ke7 46. Qh4+ (46. Re1+ Kd7 $11) 46... Kf7 47. Qh7+ Kf8 48. Qh8+ Kf7 (48... Ke7 49. Qg7+ Ke6 50. Qd7+ Kf6 51. Rd6+ Ke5 52. f4+ Ke4 53. Qh7+ Qf5 54. Qxa7 $16) 49. Qh7+ Kf6 50. Qh6+ Kf7 51. Qh7+) 38... Qd5 39. Nb4 Qd4 (39... Rh8 $142 {[%cal Oh8h2] ( -> ...Rxh2+!)} 40. Qe7+ Kxe7 41. Nxd5+ cxd5) 40. Qf7 Nf4 (40... Qxb2 41. Rd1+ Nd4 42. g3 $19) 41. Nc2 Qd3 (41... Qxb2 $2 42. Qxf4+ Qe5 (42... Kc5 $2 43. Ne3 $18) 43. Qxc4 $18) (41... Qe4 $19 {[%csl Gf4][%cal Re4g2] avoids the disaster.} 42. Ne3 Rc7 43. Qxc4 Qxc4 44. Nxc4+ Kc5) 42. Qxf4+ $18 Kd7 43. Ne3 Re4 $2 (43... Rb8 {was called for.} 44. Qg4+ (44. Qxc4 Qxc4 45. Nxc4 Re2 $16) (44. Rd1 $2 Qxd1+ 45. Nxd1 Re1#) 44... Kc7 45. Qg7+ (45. Qxc4 Qxc4 46. Nxc4 Re2 $16) (45. Rd1 Qe4 $18) 45... Qd7) 44. Qf5+ Kc7 45. h3 (45. Rd1 $2 Qxd1+ 46. Nxd1 Re1#) 45... Rd8 46. Rc1 (46. Rd1 Rxe3 47. Rxd3 cxd3 48. fxe3 (48. Qf4+ Rd6 $11) 48... d2 49. Qa5+ Kc8 50. Qa8+ Kc7 51. Qa5+ Kc8 52. Qa8+ Kc7 53. Qa5+ $11) 46... Red4 47. Qe5+ Kb7 48. a4 (48. Rd1 $18 {and White stays clearly on top.} Qxe3 49. Qxe3 Rxd1+ 50. Kh2) 48... Qb3 $16 49. a5 $2 (49. Kh2 $18 {[%cal Oe3c4] Nxc4! is the strong threat.} Qb4 50. Qe6) 49... Qb5 (49... Qxb2 $11 50. Re1 (50. Nxc4 $2 Qxc1+ 51. Kh2 Rxc4 $19) (50. Rxc4 $2 Rd1+ 51. Nxd1 Rxd1+ 52. Kh2 Qxe5+ $19) 50... Qb5 (50... Qxf2 51. Rb1+ Ka8 52. Qc7) 51. a6+ Ka8 (51... Kxa6 $2 52. Qc7 $18) (51... Qxa6 52. Rb1+ Ka8 53. Qc5 $18)) 50. Qg7+ (50. Qe7+ $18 R8d7 51. Qe8) 50... R8d7 51. Qf6 (51. Qg6 $16) 51... Ka6 $2 (51... Qxb2 $11 52. Rg1 (52. Rxc4 $2 Rd1+ 53. Nxd1 Rxd1+ 54. Kh2 Qxf6 $19) 52... Qb5) 52. h4 $2 (52. g4 $18) 52... Qc5 $2 (52... R7d6 $1 $11 {and Black stays safe.} 53. Qf8 Rd8 (53... Rxh4+ 54. Kg1 $16)) 53. g3 Kb5 54. Kg2 Rd2 $2 (54... Qd6 55. Qxd6 R4xd6 56. Nxc4 (56. Rxc4 Rd2 $18) 56... Rf6) 55. Nxc4 $18 {[%emt 0:00:03] Intending Na3+ and mate.} Qd5+ 56. Kh2 Rd1 57. Na3+ Kxa5 58. Qc3+ (58. Qxc6 $2 {is the wrong capture.} Rh1+ 59. Rxh1 Qxc6 $19) 58... Kb6 59. Nc4+ Kc7 {[%emt 0:00:00] Weighted Error Value: White=0.86/Black=0.55.  Loses game:     	White=3     	Black=3      Missed win:     	White=3     	Black=2      Mistake:       	White=7     	Black=6      Inaccurate:     	White=3     	Black=3      OK:         	White=14    	Black=9      Best:        	White=4     	Black=9} 1-0

[Event "Indian Blitz Championship 2023"]
[Site "Nashik"]
[Date "2024.03.07"]
[Round "4.3"]
[White "Karthik Venkataraman"]
[Black "Hari Madhavan N B"]
[Result "0-1"]
[ECO "A41"]
[WhiteElo "2609"]
[BlackElo "2395"]
[Annotator "TA"]
[PlyCount "90"]
[EventDate "2024.03.07"]
[EventType "blitz"]
[EventCountry "IND"]
[SourceTitle "playchess.com"]
[Source "ChessBase"]
[SourceQuality "1"]
[TimeControl "180+2"]

1. e3 e5 2. c4 g6 3. Nc3 Bg7 4. d4 d6 5. Nf3 Nd7 6. h4 {[%emt 0:00:03] A41: 1 d4 d6: Tartakower System and Modern Defence.} Ngf6 7. Be2 c6 $146 ({Predecessor:} 7... O-O 8. b3 c6 9. Bb2 Re8 10. d5 cxd5 11. Nxd5 Nxd5 12. Qxd5 e4 13. Nd4 Re5 14. Qxd6 {0-1 King,R (1998)-De Winter,A (2360) Speed Chess Q2 Sw blitz 2023 (1)}) 8. b3 Qa5 9. Bd2 Qc7 10. Rc1 O-O 11. d5 Re8 12. e4 Nc5 13. Qc2 Bg4 14. Ng1 Qc8 (14... Bxe2 $11 15. Ngxe2 Rec8) 15. f3 $14 Bd7 16. Be3 ({Better is} 16. g4 $14) 16... Nh5 $11 17. g4 Nf4 18. Kd1 f5 19. gxf5 gxf5 20. b4 Na6 21. a3 Nxe2 (21... cxd5 $142 22. exd5 Nxe2 23. Qxe2 Kh8) 22. Ngxe2 $11 f4 23. Bf2 Nc7 24. Kd2 Kh8 25. Rhg1 a5 (25... Bf6 $11) 26. Qb2 (26. Na4 $16) 26... axb4 $11 27. axb4 (27. Qxb4 $11 {was preferrable.} c5 28. Qb2) 27... Rf8 (27... cxd5 $17 {aiming for ...d4.} 28. Nxd5 Nxd5 29. cxd5 Qd8) 28. Ra1 (28. c5 $1 $11) 28... b5 (28... Rxa1 $17 29. Qxa1 cxd5 30. exd5 Bf5) 29. cxb5 cxd5 30. Rxa8 (30. b6 $11 {is more appropriate.} dxe4 31. Nxe4 Rxa1 (31... Nb5 32. N2c3 $11) 32. Qxa1) 30... Qxa8 $15 31. b6 (31. Ra1 $5 Qe8 32. b6 (32. exd5 $2 Qh5 $19) 32... dxe4 33. fxe4 $11 (33. bxc7 $2 e3+ 34. Bxe3 fxe3+ 35. Kc1 e4 $19)) 31... dxe4 $1 32. bxc7 $4 (32. fxe4 $15 Ne6 33. Nd5) 32... e3+ $19 ({Stronger than} 32... exf3 33. b5 (33. Ra1 Qc8 $17) 33... fxe2 34. Kxe2 $11) 33. Ke1 exf2+ 34. Kxf2 Qa7+ 35. Kg2 $2 (35. Ke1 Qxc7 36. Ne4) 35... Qxc7 36. Nd5 (36. Qd2 $142 Bc6 37. Qd3) 36... Qd8 37. Rh1 Rg8 38. Kf1 e4 39. Qb3 exf3 40. Qxf3 Qa8 41. Nexf4 Rf8 (41... Bb5+ $142 42. Ke1 Re8+ 43. Kf2 Bd4+ 44. Ne3 Bxe3+ 45. Qxe3 Qa2+ (45... Qxh1 46. Qc3+ Kg8 47. Qb3+ Kg7 48. Qb2+ Kf7 49. Qb3+ Kf6 50. Nh5+ Ke7 51. Qe3+ Kd8 52. Qg5+ Kc7 53. Qxb5 $19) 46. Ne2 Rxe3 (46... Qxe2+ $2 47. Qxe2 Rxe2+ 48. Kf3 $19) 47. Kxe3 Qxe2+ (47... Bxe2 $2 48. Rh2 $19) 48. Kf4 Bc6 49. Rg1 Qf2+ 50. Kg4 Bd7+ (50... Qxg1+ {gets mated.} 51. Kf4 Qf2+ 52. Kg5 Bd7 53. Kh5 Qf5+ 54. Kh6 Qg6#) 51. Kg5 Kg7 (51... Qxg1+ 52. Kf4 Bc6 53. b5 Qf2+ 54. Kg5 h6+ 55. Kh5 Kh7 56. bxc6 Qf5#) 52. Rf1 Qg3+ 53. Kh5 Qg6#) 42. Rg1 Bd4 43. Rg5 Qa1+ 44. Ke2 Re8+ 45. Kd2 Qb2+ 0-1

[Event "Indian Blitz Championship 2023"]
[Site "Nashik"]
[Date "2024.03.07"]
[Round "4.4"]
[White "Wagh Suyog"]
[Black "Ravi, Teja S."]
[Result "1-0"]
[ECO "A11"]
[WhiteElo "2250"]
[BlackElo "2437"]
[Annotator "TA"]
[PlyCount "107"]
[EventDate "2024.03.07"]
[EventType "blitz"]
[EventCountry "IND"]
[SourceTitle "playchess.com"]
[Source "ChessBase"]
[SourceQuality "1"]
[TimeControl "180+2"]

1. Nf3 d5 2. g3 c6 3. c4 Nf6 4. Bg2 Bg4 5. Ne5 Be6 6. cxd5 Bxd5 7. Nf3 c5 8. Nc3 Bc6 9. O-O e6 10. Re1 {[%emt 0:00:35] Weiß hat minimalen Vorteil.} Nbd7 11. e4 e5 12. d3 Be7 13. Qe2 O-O 14. Nh4 Re8 15. Nf5 Bf8 16. Bg5 h6 17. Bc1 Nb6 18. Rd1 Nc8 19. Ne3 Nd6 20. b3 Nb5 21. Nxb5 Bxb5 22. Bb2 Qc7 23. Rac1 Rad8 24. Qc2 b6 25. Nc4 (25. d4 $14) 25... Nd7 $11 26. Bc3 Nb8 27. Ne3 Nc6 28. Nd5 Qb8 29. f4 exf4 30. gxf4 Ne7 {[%emt 0:00:05] ...Nxd5 wäre nun fies.} 31. Be5 Qb7 (31... Qc8 $11 32. Nc7 f6) 32. Nxe7+ $2 (32. Nc7 $16 {ist erzwungen, um die Oberhand zu behalten.}) 32... Rxe7 33. Rd2 Red7 (33... Rxe5 $5 34. fxe5 Qe7 $17) 34. Rcd1 Bd6 35. Bxd6 (35. Bxg7 $1 $11 Kxg7 36. e5) 35... Rxd6 $17 36. e5 {[%emt 0:00:01][%csl LRb7,LRd6] [#]} Rd5 $1 37. d4 $1 $18 {[%emt 0:00:03] Damit ist Schwarz auf der Verliererstraße.} (37. Bxd5 Qxd5 38. Rf2 Qe6 $11 (38... Bxd3 39. Qc3 $11)) 37... cxd4 (37... Qc8 {war angesagt.}) 38. Bxd5 Rxd5 39. Rxd4 Rxd4 40. Rxd4 {[%emt 0:00:00][%mdl 4096] Endspiel. jetzt Rd8+ und aus. KQR-KQB} g6 {[%emt 0:00:02] [#]} 41. e6 $1 {[%emt 0:00:03] Zielt auf Rd8+ ab.} Qf3 (41... Qe7 42. exf7+) 42. exf7+ Kxf7 43. Qc7+ Kf6 44. Qe5+ (44. Qxa7 $2 Qf1#) (44. Rd6+ $142 Kf5 45. Qf7+ (45. Qxa7 $2 Qf1#) (45. Qc2+ Qe4 $18) 45... Ke4 46. Qe6+ (46. Qxg6+ Ke3 47. Qe6+ Qe4 48. Qh3+ Kxf4 49. Qxh6+ Kg4 50. h3+ Kg3 51. Qg5+ Kf3) 46... Kxf4 47. Qf6+ (47. Qxg6 $2 Qf1#) 47... Ke4 48. Rd4+ (48. Qxg6+ Ke3 49. Qxh6+ Qf4 50. Re6+ Kd3 51. Qxf4 Kc2 52. Qd4 Bd3) 48... Ke3 49. Qe5+ Qe4 50. Qxe4#) 44... Kf7 45. Qc7+ ({Lieber nicht} 45. Qxb5 Qe3+ 46. Kg2 Qxd4 $11) (45. Qd5+ $18 Qxd5 46. Rxd5) 45... Kf6 $1 46. Qe5+ (46. Qxa7 $2 Qf1#) (46. Rd6+ $142 Kf5 47. Qf7+ (47. Qxa7 $2 Qf1#) (47. Qc2+ Qe4 $18) 47... Kg4 48. Rxg6+ Kh4 49. Qf6+ (49. Qxa7 $2 Qf1#) 49... Kh3 50. Rxh6+ Qh5 51. Qf5+ Kh4 52. Rxh5#) 46... Kf7 47. Qc7+ ({Und nicht} 47. Qxb5 Qe3+ 48. Kg2 Qxd4 $11) (47. Qd5+ $18 Qxd5 48. Rxd5) 47... Kf6 $1 48. Rd6+ {[%emt 0:00:01] Weiß setzt Matt.} (48. Qxa7 $2 Qf1#) 48... Kf5 49. Qf7+ (49. Qxa7 $2 Qf1#) 49... Ke4 50. Qe7+ Kf5 51. Qe5+ (51. Qxa7 $2 Qf1#) 51... Kg4 52. Rxg6+ Kh4 53. Rxh6+ Kg4 54. Qg5# {[%emt 0:00:01] Gewichteter Fehlerwert: Weiß=0.75/Schwarz=0.48.  Verlustzug:     	---       	Schwarz=2     Fehler:       	Weiß=5     	Schwarz=2     Ungenau:       	Weiß=4     	Schwarz=7     OK:         	Weiß=12    	Schwarz=11    Bester:       	Weiß=5     	---        Stark:        	Weiß=1     	Schwarz=2} 1-0

[Event "Indian Blitz Championship 2023"]
[Site "Nashik"]
[Date "2024.03.07"]
[Round "4.5"]
[White "Dixit, Nikhil"]
[Black "Raja Rithvik R"]
[Result "0-1"]
[ECO "B51"]
[WhiteElo "2334"]
[BlackElo "2532"]
[Annotator "TA"]
[PlyCount "158"]
[EventDate "2024.03.07"]
[EventType "blitz"]
[EventCountry "IND"]
[SourceTitle "playchess.com"]
[Source "ChessBase"]
[SourceQuality "1"]
[TimeControl "180+2"]

1. e4 c5 2. Nf3 d6 3. Bb5+ Nd7 4. O-O a6 5. Bd3 Ngf6 6. c3 b5 7. Re1 e6 8. a4 {[%emt 0:00:03] Die Stellung ist ausgeglichen.} Bb7 9. axb5 axb5 10. Rxa8 Qxa8 11. Na3 Bxe4 (11... b4 $15 12. cxb4 cxb4) 12. Bxe4 $14 (12. Bxb5 Be7 $15) 12... Nxe4 13. Nxb5 Qa5 {[%emt 0:00:53] Gegen Nc7+ gerichtet.} (13... Qc6 $14) 14. Qb3 (14. c4 $16 Nef6 15. d4) 14... d5 {[%emt 0:00:18][%cal Bd6d5,Bd5c4][%mdl 32] Droht stark ...c4.} 15. d3 c4 16. dxc4 $16 Nec5 17. Qc2 (17. Qd1 $1 $16 dxc4 18. Na3) 17... dxc4 $14 18. Nbd4 ({Günstiger ist} 18. Nfd4 $14 Nd3 19. Rd1 Nxc1 20. Rxc1 (20. Qxc1 Bc5 $11)) 18... Nd3 19. Rf1 Qd5 20. Be3 (20. b4 $11) 20... Be7 ({Vorzuziehen ist} 20... e5 $1 $17 21. Nf5 g6) 21. b3 O-O 22. bxc4 Qxc4 23. Nd2 Qa6 24. Ne4 N3c5 25. Nxc5 Nxc5 26. h3 Rc8 27. Qd2 (27. Rb1 $11 {scheint genauer.}) 27... Ne4 $15 28. Qb2 {[%emt 0:00:01] Schwarz muss nun Ra1 beachten.} Nxc3 {[%emt 0:00:03] Schwarz hat aktiveres Spiel.} 29. Rc1 Nd5 30. Rxc8+ Qxc8 31. Bd2 Bf6 32. Be3 Nxe3 33. fxe3 $17 {[%emt 0:00:01][%mdl 4096] Endspiel. KQB-KQN} g6 34. Qe2 $2 {[%emt 0:00:01][%mdl 8192] Davon erholt Weiß sich nicht mehr.} (34. Qc2 $17 {leistet mehr Widerstand.} Qa8 35. Nf3) 34... Qc1+ $19 35. Kf2 Bxd4 36. exd4 {[%emt 0:00:01] KQ-KQ} Qf4+ 37. Kg1 Qxd4+ 38. Kh1 Qa1+ 39. Kh2 Qf6 40. Qb5 Kg7 41. Qd7 e5 {[%emt 0:00:01] Droht ...e4 und aus.} 42. Qe8 Qe6 (42... Qf4+ $142 43. Kg1 g5) 43. Qb5 (43. Qd8 $142 Qc4 44. Qe7) 43... e4 44. Qb2+ Qf6 45. Qe2 Qf4+ $2 (45... Qe5+ 46. Kg1 e3) 46. Kh1 $2 (46. g3 $19 Qe5 47. Qe3) 46... e3 47. Kg1 h5 48. Qb2+ Kh7 49. Qe2 Qg3 {[%emt 0:00:03] ( -> ...Kh6)} 50. Qf1 f5 $2 (50... Kg7 51. Qa1+ f6 52. Qa7+ Kh6) 51. Qe2 $2 (51. Qc4 $19 Qd6 52. h4) 51... Kh6 52. Qb2 Kg5 53. Qg7 Qf2+ (53... Qe1+ $142 54. Kh2 Qb4 55. Qg8 Qd6+ 56. Kh1 e2 57. h4+ Kf4 (57... Kxh4 58. Qc4+ Kg5 59. Qxe2 $19) 58. Qc4+ Ke3 59. Qc3+ Qd3 60. Qe5+ Qe4 61. Qg3+ Kd2 62. Qd6+ Qd3 63. Qf4+ Kc2 64. Qa4+ Qb3 65. Qc6+ Kb2 (65... Kb1 {führt zum Matt.} 66. Qe8 Qd1+ 67. Kh2 e1=Q 68. Qb5+ Kc1 69. Qc5+ Kb2 70. Qb5+ Qb3 71. Qxb3+ Kxb3 72. g3 Qf2+ 73. Kh1 Ka2 74. g4 hxg4 75. h5 g3 76. hxg6 Qh2#) 66. Qe8 Qd1+ 67. Kh2 e1=Q (67... e1=R 68. Qh8+ Kc2 69. Qc8+ Kd2 70. Qd7+ Ke3 71. Qe6+ Kf2 72. Qb6+ Kf1 73. Qg1+ Ke2 74. Qc5 Qd3 75. Qe5+ Qe4 76. Qb5+ Kf2 77. Qb2+ Kf1 78. Qb5+ Re2 79. Qb1+ Qxb1 80. Kh3 Kf2 81. Kh2 Qg1+ 82. Kh3 Qxg2#) 68. Qh8+ Kc2 69. Qc8+ Qc3 70. Qxc3+ Kxc3 71. Kg3 Qf1 72. Kh3 f4 73. Kh2 Kb3 (73... Qf2 74. Kh1 Kd4 75. Kh2 f3 76. Kh3 Qxg2#) (73... Qe1 {wird mattgesetzt.} 74. g3 Qe2+ 75. Kh3 f3 76. g4 Qg2#) 74. g4 hxg4 75. h5 g3#) 54. Kh2 Qf4+ $1 55. Kh1 Qe4 {[%emt 0:00:02] Schwarz setzt Matt.} 56. Qf8 e2 57. Qd8+ Kf4 58. Qc7+ Ke3 59. Qc3+ Qd3 60. Qe5+ Kd2 61. Qb2+ Qc2 62. Qd4+ {[%emt 0:00:02] [#]} Kc1 $1 63. Qa1+ {[%emt 0:00:04] [#]} Qb1 $1 64. Qc3+ Kd1 65. Qd4+ Kc2+ 66. Kh2 e1=Q 67. Qc4+ Kd2 68. Qd4+ Qd3 69. Qb2+ Ke3 70. Qe5+ Qe4 71. Qc5+ Kd3 72. Qa3+ Kd4 73. Qd6+ Qd5 74. Qf4+ Qee4 75. Qd2+ Ke5 76. Qc3+ Ke6 77. Qc8+ Kf7 78. Qc7+ Qe7 79. Qf4 Qed6 {[%emt 0:00:01] Gewichteter Fehlerwert: Weiß=0.62/Schwarz=0.35.  Verlustzug:     	Weiß=1     	---        Fehler:       	Weiß=6     	Schwarz=5     Ungenau:       	Weiß=6     	Schwarz=1     OK:         	Weiß=9     	Schwarz=14    Bester:       	Weiß=2     	Schwarz=4} 0-1